 Dungeon Crawl Stone Soup version 0.26.1-2-gb8aa6d0cf2 (webtiles) character file.

Game seed: 9229005830983688901

751 Ladykiller69 the Cleaver (level 7, 0/61 HPs)
             Began as a Hill Orc Gladiator on Mar 26, 2021.
             Was an Initiate of Wu Jian.
             Slain by an orc priest
             ... wielding a +0 hand axe
              (2 damage)
             ... on level 6 of the Dungeon.
             The game lasted 00:09:09 (5499 turns).

Ladykiller69 the Cleaver (Hill Orc Gladiator)       Turns: 5499, Time: 00:09:10

Health: 0/61       AC: 10    Str: 19    XL:     7   Next: 78%
Magic:  7/7        EV: 11    Int:  8    God:    Wu Jian [......]
Gold:   279        SH:  0    Dex: 12    Spells: 6/6 levels left

rFire    . . .     SeeInvis .   a - +0 war axe
rCold    + . .     Faith    .   (no shield)
rNeg     . . .     Spirit   .   D - +2 scale mail {rC+}
rPois    .         Reflect  .   c - +0 helmet
rElec    .         Harm     .   l - +0 cloak
rCorr    .         Rampage  .   (no gloves)
Will     .....                  (no boots)
Stlth    ..........             (no amulet)
HPRegen  0.20/turn              (no ring)
MPRegen  0.10/turn              (no ring)

@: no status effects
A: no striking features
a: Renounce Religion, Convert to Beogh


You were on level 6 of the Dungeon.
You worshipped Wu Jian.
Wu Jian was noncommittal.
You visited 1 branch of the dungeon, and saw 6 of its levels.

You collected 279 gold pieces.

Inventory:

Hand Weapons
 a - a +0 war axe (weapon)
Missiles
 d - 3 throwing nets (quivered)
 s - 13 poisoned darts
 B - 4 javelins
Armour
 c - a +0 helmet (worn)
 l - a +0 cloak (worn)
 y - a +0 chain mail
 D - a +2 scale mail of cold resistance (worn)
Jewellery
 g - an uncursed amulet of the acrobat {unknown}
 w - a cursed ring of attention {unknown}
 z - a cursed ring of attention {unknown}
Wands
 r - a wand of random effects (36)
 C - a wand of paralysis (4)
Scrolls
 e - 3 scrolls of noise {unknown}
 i - 4 scrolls of enchant armour {unknown}
 k - 5 scrolls of identify {unknown}
 m - 2 scrolls of fear {unknown}
 p - 4 scrolls of blinking {unknown}
 q - 6 scrolls of teleportation {unknown}
 x - a scroll of remove curse {unknown}
 G - a scroll of magic mapping {unknown}
 H - a scroll of enchant weapon {unknown}
Potions
 b - a potion of heal wounds {unknown}
 f - 4 potions of curing {unknown}
 h - 2 potions of degeneration {unknown}
 j - 3 potions of invisibility {unknown}
 n - a potion of attraction {unknown}
 o - a potion of magic {unknown}
 t - 4 potions of lignification {unknown}
 u - a potion of ambrosia {unknown}
 v - 2 potions of flight {unknown}
 A - a potion of brilliance {unknown}
 E - a potion of cancellation {unknown}
 F - a potion of might {unknown}


   Skills:
 + Level 5.4 Fighting
 * Level 8.6 Axes
 - Level 2.3 Throwing
 + Level 4.1 Dodging


You had 6 spell levels left.
You didn't know any spells.
Your spell library contained the following spells:

 Spells                   Type           Power        Failure   Level
 Confusing Touch          Hex            0%           99%         3
 Gell's Gravitas          Tloc           0%           99%         3
 Petrify                  Tmut/Erth      0%           100%        4
 Metabolic Englaciation   Hex/Ice        0%           100%        5
 Yara's Violent Unravell  Hex/Tmut       0%           100%        5


Dungeon Overview and Level Annotations

Branches:
Dungeon (6/15)
 Temple: D:4-7

Altars:
Elyvilon
Makhleb
Trog
Uskayaw
Wu Jian
The Shining One

Shops:
D:4 !

Annotations:
D:6 Menkaure


Message History

You hit the orc priest but do no damage.
The orc priest is heavily wounded.
You hit the orc wizard.
Your scale mail prevents you from hitting the orc warrior.
The orc priest hits you with a +0 hand axe.
The orc warrior hits you with a +0 dire flail!!
* * * LOW HITPOINT WARNING * * *
The orc wizard mumbles some strange words.
The orc wizard blinks!
You barely miss the orc priest.
The orc priest is heavily wounded.
You hit the orc warrior. The orc priest barely misses you.
The orc warrior barely misses you.
You hit the orc priest but do no damage.
The orc priest is heavily wounded.
You closely miss the orc warrior.
The orc priest shouts, "Join the one true god or die!"
The orc priest shouts, "Surrender to Beogh and we'll let you live!"
The orc priest hits you with a +0 hand axe.
You die...

#...###..#.. #####..#
#.#... ... :.. .!# ##O#
..#..##..##..# ..# #.##
...........## ..####..#
#...........
.....##.#####..##.....#
..##.................###
.....####......(oo......
.............o..@....#
......#.#.#....).....#
##....M...#..........#
#...#....#(.(........#
#.........(.##.#...#...
##...##..#(.##.#..## ##
#.####..<(.......[# o$
#...####.###..# .##
#.... #.# ..#


You could see an orc warrior, an orc priest and an orc wizard.

Vanquished Creatures
  Edmund (D:6)
  A sky beast (D:6)
  A bullfrog (D:5)
  A crimson imp (D:3)
  A jelly (D:5)
  2 orc priests
  A bullfrog skeleton (D:6)
  Terence (D:2)
  Jessica (D:3)
  Ijyb (D:4)
  An orc wizard (D:3)
  4 worker ants (D:4)
  5 adders
  3 worms
  2 leopard geckos (D:1)
  16 orcs
  5 giant cockroaches
  4 goblins
  5 hobgoblins
  6 jackals
  4 quokkas
  8 bats
  3 frilled lizards
  4 kobolds
  3 rats
84 creatures vanquished.

Vanquished Creatures (others)
  A wizard (D:5)
1 creature vanquished.

Grand Total: 85 creatures vanquished

Notes
Turn   | Place    | Note
-------+----------+-------------------------------------------
     0 | D:1      | Ladykiller69 the Hill Orc Gladiator began the quest for the
                  | Orb.
     0 | D:1      | Reached XP level 1. HP: 18/18 MP: 1/1
   489 | D:1      | Reached XP level 2. HP: 25/25 MP: 2/2
   842 | D:2      | Found a faded altar of an unknown god.
  1535 | D:2      | Reached XP level 3. HP: 30/30 MP: 3/3
  1663 | D:2      | Noticed Terence
  1672 | D:2      | Killed Terence
  1673 | D:2      | Reached skill level 5 in Axes
  1673 | D:2      | Reached XP level 4. HP: 22/38 MP: 4/4
  2372 | D:3      | Found a burning altar of Makhleb.
  2396 | D:3      | Noticed Jessica
  2407 | D:3      | Killed Jessica
  2408 | D:3      | Reached XP level 5. HP: 42/45 MP: 5/5
  2467 | D:3      | Reached skill level 6 in Axes
  2820 | D:3      | Reached XP level 6. HP: 37/52 MP: 6/6
  3029 | D:3      | Found an ornate altar of the Wu Jian Council.
  3097 | D:3      | Became a worshipper of the Wu Jian Council
  3188 | D:3      | Found a glowing golden altar of the Shining One.
  3449 | D:4      | Found Pethue's Distillery.
  3556 | D:4      | Reached skill level 7 in Axes
  3899 | D:4      | Noticed Ijyb
  3904 | D:4      | Paralysed by Ijyb for 6 turns
  3912 | D:4      | Paralysed by Ijyb for 7 turns
  3922 | D:4      | Paralysed by Ijyb for 4 turns
  3928 | D:4      | Paralysed by Ijyb for 2 turns
  3930 | D:4      | Killed Ijyb
  4056 | D:4      | Found a white marble altar of Elyvilon.
  4167 | D:5      | Entered Level 5 of the Dungeon
  4236 | D:5      | Reached XP level 7. HP: 58/60 MP: 7/7
  4371 | D:5      | Found a hide-covered altar of Uskayaw.
  4461 | D:5      | Found a bloodstained altar of Trog.
  4468 | D:5      | Noticed a wizard
  4648 | D:5      | Killed a wizard
  4741 | D:6      | Noticed Edmund
  4753 | D:6      | Killed Edmund
  4754 | D:6      | Reached skill level 5 in Fighting
  4805 | D:6      | Reached skill level 8 in Axes
  5026 | D:6      | Noticed Menkaure
  5497 | D:6      | HP: 2/61 [orc warrior/+0 dire flail (18)]
  5499 | D:6      | Slain by an orc priest

Illustrated notes

Levels and vault maps discovered:
D:1:      erik_arrival_orb_chamber, layout_basic
D:2:      layout_loops_ring, chequers_ecumenical_altar_simple_redux,
          uniq_terence
D:3:      layout_loops_ring, nzn_wu_jian_council_hall, makhleb_grotto_becter,
          nicolae_tso_swordbearing_angel, uniq_jessica
D:4:      layout_rooms, general_overflow_altar, serial_shops, kennysheep_mini,
          uniq_ijyb
D:5:      layout_loops_cross, eat_drink_and_be_merry_uskayaw, trog_wizard
D:6:      layout_rooms, temple_doors_ab, uniq_edmund, uniq_menkaure

Skill      XL: |  1  2  3  4  5  6  7 |
---------------+----------------------+-----
Throwing       | 2 |  2.3
Fighting       | 3 4 5 |  5.4
Axes           | 5 6 7 8 |  8.6
Dodging        | 3 4 |  4.1

Action                   |  1- 3 |  4- 6 |  7- 9 || total
-------------------------+-------+-------+-------++-------
Melee: War axe           |    82 |   194 |    65 ||   341
Invok: Lunge             |       |     3 |     3 ||     6
Armor: Scale mail        |    37 |    62 |    36 ||   135
       Chain mail        |       |    20 |       ||    20
Dodge: Dodged            |    51 |    99 |    34 ||   184
